cohdb
Replays
Latest Replays
All Replays
Popular Replays
Top Player Replays
Match Explorer
How It Works
Community
CoH3 Stats
Reddit
Sign in to upload your games and track your stats! →
Sign in with Steam
Polsten was bad they said
Match 10816228
Overview
Messages
Build Orders
End
Royal Engineer Section
Construct Section Command Post
Selects Indian Artillery Battlegroup
Selects Indian Artillery Battlegroup
Dingo Light Scout Car
Infantry Section
Infantry Section
Construct Platoon Command Post
Selects Valour
Humber Armored Car
Selects Gurkha Rifles Section
Gurkha Rifles Section
Grenade Package
6-pounder Anti-tank Gun Team
Construct Company Command Post
Selects Volunteer Infantry
Unlock M3 Grant Medium Tanks
Training Center
M3 Grant Medium Tank
Royal Engineer Section
Gurkha Rifles Section
M3 Grant Medium Tank
Selects Artillery Saturation
Selects Off-map Airburst Barrage
Farlion
oki
Ms. Glasc
S K E N G
0
0
Comments
sign in to comment!
No comments posted yet!